Map: King's Cove LE

Players

LuNe - Winner!

  • Race: Terran Terran
  • League: Master
  • Spawn Location: 5:00

Mez

  • Race: Terran Terran
  • League: Master
  • Spawn Location: 11:00

VOD

Have the link to the VOD?

Description

Time

  • Played on: Aug. 12, 2019, 5:07 p.m.
  • Length: 12:15
Show
View Real Time Build Order
Export as new Build Order

LuNe Terran - Winner!

Build Orders: Gas First Reaper Expand, Hellion Opening 

Get SALT Encoding   

  12  0:00  SCV  
  13  0:13  SCV  
  14  0:18  Supply Depot  
  14  0:25  SCV  
  15  0:29  Refinery  
  15  0:40  SCV  
  16  0:45  Barracks  
  16  0:52  SCV  
  17  1:04  SCV  
  18  1:16  SCV  
  19  1:32  Reaper, Orbital Command  
  20  1:45  Command Center  
  20  1:58  Factory  
  20  2:00  SCV  
  21  2:09  Barracks Reactor  
  21  2:12  SCV  
  21  2:15  Supply Depot  
  22  2:20  Refinery  
  22  2:24  SCV  
  23  2:36  SCV  
  24  2:54  SCV  
  25  3:00  Starport  
  25  3:02  Orbital Command  
  25  3:04  Barracks Tech Lab  
  25  3:05  Hellion x2  
  29  3:12  SCV  
  30  3:20  Supply Depot  
  30  3:25  Marauder  
  30  3:26  Hellion x2  
  36  3:30  SCV  
  36  3:32  SCV  
  38  3:37  Medivac  
  40  3:43  SCV  
  40  3:47  Marauder  
  40  3:48  Hellion  
  45  3:51  Hellion  
  45  3:54  SCV  
  45  3:55  SCV  
  49  3:58  Supply Depot  
  49  4:01  Concussive Shells  
  49  4:06  SCV  
  49  4:07  SCV  
  51  4:15  Viking  
  53  4:18  SCV  
  53  4:20  SCV  
  53  4:21  Supply Depot  
  55  4:24  Factory Tech Lab  
  56  4:31  SCV  
  56  4:34  Supply Depot  
  56  4:35  SCV  
  57  4:44  Command Center  
  49  4:59  SCV  
  48  5:01  Refinery  
  48  5:03  Refinery  
  48  5:13  SCV  
  48  5:14  SCV  
  45  5:26  SCV  
  43  5:30  Cyclone  
  43  5:33  SCV  
  43  5:35  Raven  
  48  5:39  SCV  
  48  5:41  Barracks Reactor, Barracks x3  
  48  5:42  Barracks, Barracks Tech Lab  
  49  5:48  SCV  
  49  5:49  Engineering Bay  
  50  5:52  Engineering Bay  
  50  5:56  SCV  
  52  5:57  Orbital Command  
  52  5:58  Bunker  
  52  6:01  SCV  
  52  6:02  Marine  
  52  6:03  Stimpack  
  52  6:04  Siege Tank  
  56  6:10  SCV  
  57  6:14  SCV  
  57  6:17  Raven, Terran Infantry Armor Level 1, Terran Infantry Weapons Level 1  
  60  6:27  SCV  
  60  6:30  SCV x2  
  60  6:32  Marine x5  
  66  6:33  Marine  
  72  6:40  Siege Tank  
  72  6:44  SCV  
  72  6:45  SCV x2  
  75  6:58  Marine x4  
  79  7:03  Marine  
  79  7:04  Marine  
  81  7:15  Marine  
  81  7:16  Marine x3  
  81  7:17  Raven, Siege Tank  
  81  7:18  SCV  
  87  7:38  Marine  
  87  7:39  Marine x2  
  87  7:43  Barracks Reactor x2, SCV x2  
  87  7:44  SCV, Armory  
  93  7:45  Barracks Reactor, Supply Depot  
  93  7:52  Supply Depot x4  
  93  7:56  Marine x2  
  91  7:59  SCV x2  
  91  8:08  Orbital Command  
  91  8:09  Marine  
  91  8:10  Raven, Siege Tank  
  88  8:14  Marine x2  
  83  8:20  SCV  
  83  8:21  Marine x2  
  83  8:22  Combat Shield, Marine x4  
  83  8:27  Marine  
  90  8:32  SCV x2  
  90  8:34  SCV  
  94  8:35  Terran Infantry Armor Level 2, Refinery, Terran Infantry Weapons Level 2  
  94  8:38  Refinery  
  94  8:39  Marine  
  97  8:42  Siege Tank  
  97  8:45  SCV x2  
  97  8:46  Marine  
  97  8:47  Marine x3  
  104  8:49  SCV, Marine  
  104  8:50  Marine  
  104  8:53  Barracks Reactor  
  107  9:01  Medivac x2  
  111  9:03  SCV  
  111  9:05  Marine x4  
  111  9:06  Marine  
  111  9:07  Marine  
  118  9:12  Marine  
  119  9:18  Siege Tank  
  119  9:19  Sensor Tower, Terran Vehicle Weapons Level 1  
  122  9:24  Marine x3  
  122  9:25  Marine x2  
  122  9:26  Marine  
  128  9:39  Marine  
  128  9:40  Marine x2  
  131  9:45  Marine  
  131  9:46  Marine  
  131  9:50  Marine, Supply Depot  
  131  9:51  Supply Depot x2  
  131  9:52  Supply Depot x2  
  133  10:11  Siege Tank, Marine x3, Medivac  
  133  10:12  Marine x2, Medivac  
  107  10:40  Marine x2  
  98  10:44  Marine  
  98  10:45  Marine  
  98  10:47  Marine x5  
  105  10:58  Marine x2  
  105  11:02  Marine x2  
  105  11:03  Siege Tank, Medivac x2  
  116  11:05  Marine x2  
  116  11:09  Marine x3  
  121  11:11  Command Center  
  121  11:15  Barracks  
  121  11:16  Factory, Marine, Barracks x2  
  119  11:23  Marine x5  
  123  11:29  Marine  
  123  11:30  Marine x2  
  122  11:34  Marine  
  123  11:41  Marine x3  
  123  11:45  Marine x2  
  124  11:47  Marine  
  124  11:48  Marine  
  125  11:54  Marine  
  125  11:55  Marine  
Show
View Real Time Build Order
Export as new Build Order

Mez Terran 

Build Orders: Gas First Reaper Expand 

Get SALT Encoding   

  12  0:01  SCV  
  13  0:13  SCV  
  14  0:19  Supply Depot  
  14  0:25  SCV  
  15  0:30  Refinery  
  15  0:40  SCV  
  16  0:47  Barracks  
  16  0:52  SCV  
  17  1:04  SCV  
  18  1:16  SCV  
  19  1:34  Reaper, Orbital Command  
  20  1:49  Command Center  
  20  1:59  Factory  
  20  2:04  SCV  
  21  2:10  Barracks Reactor  
  21  2:16  SCV  
  21  2:18  Supply Depot  
  22  2:34  SCV  
  23  2:38  Refinery  
  23  2:45  Factory Tech Lab  
  23  2:46  SCV  
  23  2:47  Marine x2  
  25  2:58  SCV  
  25  3:03  Cyclone  
  25  3:04  Marine x2  
  31  3:14  SCV  
  31  3:16  Orbital Command  
  32  3:22  Marine x2  
  32  3:26  SCV  
  35  3:29  Supply Depot  
  35  3:32  Starport  
  35  3:40  Marine x2  
  37  3:43  Siege Tank  
  37  3:46  SCV  
  41  3:49  SCV  
  41  3:55  Refinery  
  42  3:58  SCV  
  42  4:01  SCV  
  44  4:03  Supply Depot  
  44  4:10  SCV  
  44  4:11  Starport Tech Lab  
  44  4:12  Marine x2  
  44  4:13  SCV  
  48  4:20  Siege Tank  
  51  4:28  SCV  
  51  4:29  SCV  
  51  4:30  Supply Depot  
  53  4:31  Marine x2  
  53  4:38  Raven  
  57  4:42  SCV  
  57  4:43  SCV  
  40  5:01  Marine x2  
  40  5:03  Siege Tank  
  34  5:27  Marine x2  
  34  5:28  Raven  
  38  5:30  SCV x2  
  38  5:35  Command Center  
  40  5:42  SCV x2  
  42  5:50  Siege Tank  
  42  5:54  SCV x2  
  42  5:55  Marine x2  
  49  6:06  SCV x2  
  51  6:18  SCV  
  51  6:19  SCV  
  51  6:22  Stimpack, Marine  
  51  6:24  Viking  
  51  6:25  Viking  
  58  6:30  SCV  
  58  6:31  SCV  
  58  6:43  SCV x2  
  59  6:50  Marine  
  59  6:52  Siege Tank  
  64  6:54  Orbital Command  
  64  6:55  SCV x2  
  64  6:58  Barracks, Supply Depot  
  64  7:01  Barracks  
  65  7:08  Marine  
  66  7:19  Viking x2  
  70  7:26  Marine  
  70  7:27  SCV x2  
  70  7:28  SCV  
  74  7:39  SCV  
  75  7:44  Marine  
  75  7:45  Siege Tank  
  75  7:48  Engineering Bay  
  75  7:50  Barracks Reactor  
  75  7:51  Barracks Reactor, Engineering Bay  
  79  7:53  Supply Depot  
  79  7:56  Supply Depot  
  76  8:02  Marine  
  69  8:17  Siege Tank  
  69  8:18  SCV x2  
  69  8:19  Marine  
  73  8:24  Barracks  
  73  8:25  Barracks  
  74  8:29  Terran Infantry Armor Level 1, Terran Infantry Weapons Level 1, Orbital Command  
  74  8:30  Marine x3  
  74  8:31  Marine  
  78  8:35  Refinery  
  78  8:36  SCV x2  
  78  8:37  Marine  
  78  8:41  Medivac  
  83  8:48  SCV  
  83  8:49  SCV  
  83  8:54  SCV  
  86  8:57  Refinery, Marine x5  
  86  9:01  SCV x2  
  86  9:02  Siege Tank  
  96  9:06  SCV  
  97  9:13  Barracks Reactor x2, SCV x2  
  99  9:18  SCV  
  99  9:23  Marine x5  
  105  9:25  SCV, Medivac  
  105  9:27  SCV  
  105  9:30  Supply Depot  
  105  9:31  Supply Depot  
  109  9:32  SCV  
  109  9:33  Supply Depot  
  109  9:35  Supply Depot  
  109  9:45  Combat Shield  
  109  9:51  Marine x5, Medivac  
  116  9:57  Missile Turret  
  116  9:58  Marine x3  
  116  9:59  Siege Tank, Marine, Supply Depot x2  
  122  10:02  Armory  
  122  10:04  Factory  
  120  10:09  Marine x4  
  122  10:18  Marine  
  122  10:20  Marine x4  
  105  10:27  Marine x4  
  92  10:31  Siege Tank  
  85  10:36  Marine  
  85  10:38  Marine x4  
  88  10:44  Marine x3  
  82  11:00  Marine x6  
  82  11:02  Marine x3  
  82  11:03  Viking x2  
  82  11:04  Siege Tank  
  87  11:18  Marine x6  
  78  11:20  SCV, Marine x3  
  74  11:31  SCV  
  74  11:36  Marine x3  
  74  11:51  Marine x6  
  80  11:55  SCV x3  
Tags
 
Add a new tag
Caveats
  • Supply blocks, unpowered buildings, or Contaminate may cause inaccurate times.
  • Supply counts are checked every 10 seconds.